AoeStats
← AOKI_GworK

Coastal Forest

503672605Analyzed
4v4 RM · 1mo ago on Sep 1, 2026· 21m 17s· 8 players
Game mode
Random Map
Map size
Large (8 player)
Population
200
Speed
Normal
Resources
Standard
Victory
Conquest
Starting age
Dark Age
Ending age
Imperial Age
RankedLock teamsTeams togetherTeam positionsShared explorationLock speedFull tech treeHidden civsTurbo modeCheats
Victory
Defeat
🇫🇷 Armenians · France
1795
+9
🇫🇷 Tupi · France
1780
+9
🇫🇷 Jurchens · France
1690
+13
🇫🇷 Vietnamese · France
1657
+14
🇩🇪 Wei · Germany
1764
-18
🇬🇧 Hindustanis · United Kingdom
1600
-10
🇹🇼 Magyars · Taiwan
1587
-10
🇩🇪 Byzantines · Germany
1526
-8
AOKI_Nyusika
5:17 Loom
8:49 Feudal Age
9:27 Double-Bit Axe
12:11 Fletching
22:31 Castle Age
20:18 Champi Runner
20:44 Horse Collar
21:46 Scale Mail Armor
AOKI_GworK
8:45 Loom
11:00 Feudal Age
13:07 Double-Bit Axe
15:50 Castle Age
14:12 Horse Collar
16:50 Bow Saw
18:25 Scale Barding Armor
21:36 Wheelbarrow
AOKI_Thanouille
11:05 Feudal Age
12:14 Double-Bit Axe
14:51 Castle Age
12:36 Loom
13:28 Gold Mining
14:11 Town Watch
15:53 Medium Warships
16:04 Bow Saw
17:21 Horse Collar
19:21 Fletching
20:54 Forging
AOKI_Totor
6:45 Loom
9:31 Feudal Age
10:04 Double-Bit Axe
10:25 Town Watch
14:40 Padded Archer Armor
17:27 Fletching
19:38 Horse Collar
darkwwww2015
10:16 Feudal Age
10:49 Double-Bit Axe
16:36 Castle Age
14:28 Fishing Lines
14:53 Loom
16:19 Forging
16:39 Horse Collar
18:02 Medium Warships
19:23 Wheelbarrow
19:03 Gold Mining
19:52 Iron Casting
DaKrankVieh
5:53 Loom
8:38 Feudal Age
10:05 Double-Bit Axe
15:04 Scale Barding Armor
21:46 Castle Age
[TNT] TW_RED
11:07 Feudal Age
11:38 Loom
14:58 Castle Age
13:09 Double-Bit Axe
13:40 Fishing Lines
15:39 Wheelbarrow
15:48 Bow Saw
17:08 Horse Collar
18:01 Hand Cart
18:09 Heavy Plow
20:46 Fletching
Jan Itor
6:08 Loom
8:37 Feudal Age
11:37 Fletching
17:52 Horse Collar
18:21 Double-Bit Axe
19:06 Padded Archer Armor
Connection lost

Rejoining the realm…

Still unreachable

The connection could not be restored.

Session expired

The server has moved on; the page needs a fresh start.